 Dungeon Crawl Stone Soup version 0.23-a0-607-g760965b (webtiles) character file.

60 Inarius the Skirmisher (level 3, 0/29 HPs)
             Began as a Demonspawn Chaos Knight on Dec 20, 2018.
             Was a Plaything of Xom.
             Succumbed to an adder's poison
             ... on level 2 of the Dungeon.
             The game lasted 00:02:32 (1366 turns).

Inarius the Skirmisher (Demonspawn Chaos Knight)    Turns: 1366, Time: 00:02:33

Health: 0/29       AC:  6    Str: 13    XL:     3   Next: 82%
Magic:  3/3        EV: 11    Int: 13    God:    Xom [..*...]
Gold:   45         SH:  0    Dex: 12    Spells: 2/2 levels left

rFire    . . .     SeeInvis +   a - +0 hand axe (chaos)
rCold    . . .     Gourm    .   (no shield)
rNeg     . . .     Faith    .   h - +2 leather armour
rPois    .         Spirit   .   (no helmet)
rElec    .         Reflect  .   (no cloak)
rCorr    .         Harm     .   i - +0 pair of gloves
MR       .....                  (no boots)
Stlth    ++........             (no amulet)
HPRegen  0.09/turn              g - ring of see invisible
MPRegen  0.08/turn              (no ring)

@: lethally poisoned (0 -> -5), flying
A: nightstalker 1
a: Renounce Religion


You were on level 2 of the Dungeon.
You worshipped Xom.
You were a toy of Xom.
You were not hungry.

You visited 1 branch of the dungeon, and saw 2 of its levels.

You collected 45 gold pieces.

Inventory:

Hand Weapons
 a - a +0 hand axe of chaos (weapon)
 b - a +0 short sword
 f - a +0 dagger
Armour
 h - a +2 leather armour (worn)
 i - a +0 pair of gloves (worn)
 j - a +3 scale mail
Jewellery
 g - a ring of see invisible (left hand)
Potions
 e - 2 potions of flight
Comestibles
 c - 3 rations
 d - a chunk of flesh


   Skills:
 + Level 3.6 Fighting
 + Level 1.6 Short Blades
 - Level 3.0 Axes
 + Level 2.0 Armour
 + Level 1.1 Dodging
 * Level 0.6 Stealth


You had 2 spell levels left.
You didn't know any spells.
Your spell library was empty.

Dungeon Overview and Level Annotations

Branches:
Dungeon (2/15)

Altars:


Innate Abilities, Weirdness & Mutations

You are slightly more attuned to the shadows.


Message History

Really abort (and waste the scroll)? [Y]es or [N]o only, please.
Really abort (and waste the scroll)? [Y]es or [N]o only, please.
Really abort (and waste the scroll)? [Y]es or [N]o only, please.
Really abort (and waste the scroll)?
Okay, then.
* * * LOW HITPOINT WARNING * * *
You feel sick.
* * * LOW HITPOINT WARNING * * *
You feel sick.
* * * LOW HITPOINT WARNING * * *
You feel sick.
* * * LOW HITPOINT WARNING * * *
You feel sick.
Okay, then.
Unknown command.
You die...
Xom chuckles heartily!

#. ... #.#
%...##.#######
#..#.........
#.#.........
#...........
#...†).....
#.(@.......
####.(.#######
##### #...#..#
####...####)#.#.>#
.........##.#.##.#
.........##.#.##..
............#.#####
.........####..
###.####### ###


There were no monsters in sight!

Vanquished Creatures
  2 adders (D:2)
  2 oozes
  2 dart slugs (D:1)
  A leopard gecko (D:1)
  2 giant cockroaches
  5 goblins
  4 hobgoblins (D:1)
  A bat (D:1)
  3 frilled lizards
  4 kobolds
  4 rats (D:1)
  A bush (D:1)
  A plant (D:1)
32 creatures vanquished.

Notes
Turn   | Place    | Note
-------+----------+-------------------------------------------
     0 | D:1      | Inarius the Demonspawn Chaos Knight began the quest for the
                  | Orb.
     0 | D:1      | Reached XP level 1. HP: 18/18 MP: 1/1
   184 | D:1      | Gained mutation: You are slightly more attuned to the
                  | shadows. [demonic ancestry]
   184 | D:1      | Reached XP level 2. HP: 24/24 MP: 2/2
   351 | D:1      | XOM: harmless Conj miscast
   620 | D:1      | XOM: divination: detect items
   794 | D:1      | Reached skill level 1 in Dodging
   911 | D:1      | Reached XP level 3. HP: 29/29 MP: 3/3
  1002 | D:1      | Reached skill level 1 in Short Blades
  1364 | D:2      | HP: 1/29 [poisoned by an adder]
  1366 | D:2      | Succumbed to an adder's poison

Vault maps used:
D:1:      sevenhm_arrival_forest_fort_large_4, serial_forest,
          infiniplex_forest_side_room, infiniplex_forest_zigzag_1,
          infiniplex_forest_end_3, infiniplex_forest_3_way
D:2:      grunt_qazlal_clouds, uniq_crazy_yiuf_cottage

Skill      XL: |  1  2  3 |
---------------+----------+-----
Axes           | 3 |  3.0
Dodging        | 1 |  1.1
Short Blades   | 1 |  1.6
Armour         | 2 |  2.0
Fighting       | |  3.6
Stealth        | |  0.6

Action                   || total
-------------------------++-------
Melee: Hand axe          ||    75
       Short sword       ||    94
  Use: Scroll            ||     2
       Potion            ||     1
 Stab: Sleeping          ||     2
  Eat: Chunk             ||     2
Armor: Leather armour    ||    34
Dodge: Dodged            ||    62

Table legend:
 A = Non-vault XP
 B = Vault XP
 C = Vault XP percentage of total XP
 D = Non-vault monster count
 E = Vault monster count
 F = Vault count percentage of total count
                 A         B        C        D         E       F
            +---------+---------+-------+---------+---------+-------
      Total |      87 |       0 |   0.0 |      30 |       0 |   0.0
            +---------+---------+-------+---------+---------+-------
        D:1 |      45 |       0 |   0.0 |      22 |       0 |   0.0
        D:2 |      42 |       0 |   0.0 |       8 |       0 |   0.0
            +---------+---------+-------+---------+---------+-------
